 Dungeon Crawl Stone Soup version 0.31.0-1-g2c135a0 (webtiles) character file.

Game seed: 10263009837778574838

252 Sinclair the Slasher (level 5, -5/55 HPs)
             Began as a Draconian Berserker on Feb 19, 2024.
             Was a Priest of Trog.
             Slain by a gnoll
             ... wielding a +0 halberd
             ... led by a gnoll bouda
              (11 damage)
             ... on level 4 of the Dungeon on Feb 20, 2024.
             The game lasted 00:31:37 (2537 turns).

Sinclair the Slasher (Draconian Berserker)          Turns: 2537, Time: 00:31:38

Health: -5/55      AC:  9    Str: 20    XL:     5   Next: 89%
Magic:  5/5        EV: 12    Int:  9    God:    Trog [***...]
Gold:   116        SH:  3    Dex: 10    Spells: 4/4 levels left

rFire   . . .        i - +4 mace
rCold   . . .        l - +0 buckler
rNeg    + . .        (body armour unavailable)
rPois   .            (helmet restricted)
rElec   .            d - +0 cloak
rCorr   .            q - +2 pair of gloves
SInv    .            (no boots)
Will    ++...        (no amulet)
Stlth   +            c - ring of positive energy
HPRegen 1.29/turn    (no ring)
MPRegen 0.09/turn

%: no passive effects
@: strong-willed, on berserk cooldown, regenerating, slowed, very slow
A: AC +5, unfitting armour, cold-blooded, robust 2
a: Renounce Religion, Berserk, Trog's Hand


You were on level 4 of the Dungeon.
You worshipped Trog.
Trog was most pleased with you.
You visited 1 branch of the dungeon, and saw 4 of its levels.

You collected 116 gold pieces.

Inventory:

Hand Weapons
 a - a +0 falchion
 i - a +4 mace (weapon)
 o - a +0 long sword
Missiles
 f - 34 stones
 j - 9 poisoned darts (quivered)
Armour
 d - a +0 cloak (worn)
 l - a +0 buckler (worn)
 q - a +2 pair of gloves (worn)
Jewellery
 c - a ring of positive energy (left hand)
Talismans
 m - a blade talisman
Scrolls
 b - 2 scrolls of vulnerability
 e - a scroll of noise {unknown}
 g - a scroll of poison {unknown}
 h - 2 scrolls of fog {unknown}
 k - a scroll of revelation
 n - 3 scrolls of identify {unknown}
 r - a scroll of immolation {unknown}
Potions
 p - a potion of haste


   Skills:
 + Level 4.2 Fighting
 + Level 4.4 Long Blades
 + Level 2.3 Maces & Flails
 + Level 0.5 Throwing
 + Level 3.6 Dodging
 + Level 0.7 Stealth
 + Level 1.0 Shields


You had 4 spell levels left.
You didn't know any spells.
Your spell library was empty.

Dungeon Overview and Level Annotations

Branches:
Dungeon (4/15)
 Temple: D:4-7

Altars:
Ashenzari


Innate Abilities, Weirdness & Mutations

Your plain brown scales are hard. (AC +5)
You cannot fit into any form of body armour.
You are cold-blooded and may be slowed by cold attacks.
You are very robust. (+20% HP)


Message History

The gnoll closely misses you.
Things that are here:
a +0 flail; a +0 club The hobgoblin attacks as it pursues you!
The hobgoblin misses you. The gnoll hits you but does no damage.
You hit the hobgoblin.
You kill the hobgoblin!
Trog accepts your kill.
The gnoll is no longer moving quickly.
The gnoll hits you but does no damage.
The gnoll hits you from afar with a +0 halberd.
The gnoll completely misses you.
The gnoll hits you from afar with a +0 halberd.
The gnoll closely misses you. x2
The gnoll hits you but does no damage. Space warps horribly around you!!
* * * LOW HITPOINT WARNING * * *
The gnoll barely misses you. The gnoll hits you with a +0 halberd!
* * * LOW HITPOINT WARNING * * *
The gnoll closely misses you. x2
Things that are here:
a +0 flail; a +0 club; a hobgoblin corpse Your skin crawls.
You feel strong-willed. The gnoll hits you with a +0 halberd.
* * * LOW HITPOINT WARNING * * *
The gnoll hits you but does no damage. The gnoll closely misses you.
The gnoll hits you with a +0 halberd.
* * * LOW HITPOINT WARNING * * *
You are too injured to fight recklessly!
You are too injured to fight recklessly!
Okay, then.
Your skin crawls.
You feel strong-willed.
You block the gnoll's attack. x2; The gnoll hits you but does no damage.
The gnoll closely misses you. The gnoll barely misses you.
You barely miss the gnoll. The gnoll closely misses you.
The gnoll barely misses you.
The gnoll hits you from afar with a +0 spear of distortion.
* * * LOW HITPOINT WARNING * * *
The gnoll hits you but does no damage. The gnoll hits you with a +0 halberd!
You die...

...).........##.
.............#<.
................
..............#
............... ##
............# #...
..........>.# ...##
.......<..g###...##.
.........gg@..#
..........###...###
PP........# ...#...
.....P...## ...#._.
..P....### #..#...
P...ยง## ..####
...PP #..#.. ..
#.##.


You could see 3 gnolls.

Vanquished Creatures
  A gnoll bouda (D:4)
  Terence (D:3)
  Jessica (D:3)
  An orc wizard (D:3)
  A gnoll (D:4)
  4 adders (D:3)
  A white imp (D:3)
  A dart slug (D:2)
  A ribbon worm (D:3)
  11 orcs (D:3)
  5 bats
  9 endoplasms
  3 giant cockroaches
  6 goblins
  7 hobgoblins
  7 jackals (D:3)
  A quokka (D:3)
  5 ball pythons
  A frilled lizard (D:1)
  5 kobolds
  4 rats
76 creatures vanquished.

Notes
Turn   | Place    | Note
-------+----------+-------------------------------------------
     0 | D:1      | Sinclair the Draconian Berserker began the quest for the
                  | Orb.
     0 | D:1      | Reached XP level 1. HP: 19/19 MP: 1/1
   115 | D:1      | Reached XP level 2. HP: 23/26 MP: 2/2
   183 | D:1      | You fall into a shaft and drop 1 floor!
   829 | D:2      | Reached XP level 3. HP: 33/33 MP: 3/3
   837 | D:2      | Reached ** piety under Trog
  1652 | D:3      | Noticed Jessica
  1666 | D:3      | Reached XP level 4. HP: 40/40 MP: 4/4
  1669 | D:3      | Gained mutation: You are robust. (+10% HP) [potion of
                  | mutation]
  1669 | D:3      | Gained mutation: You are very robust. (+20% HP) [potion of
                  | mutation]
  1673 | D:3      | Killed Jessica
  1874 | D:3      | Reached skill level 1 in Maces & Flails
  1994 | D:3      | Reached XP level 5. HP: 55/55 MP: 5/5
  1998 | D:3      | Reached *** piety under Trog
  2044 | D:3      | Noticed Terence
  2054 | D:3      | Killed Terence
  2453 | D:3      | Reached skill level 1 in Shields
  2516 | D:4      | Found a broken altar of Ashenzari.
  2537 | D:4      | Slain by a gnoll

Illustrated notes

Levels and vault maps discovered:
D:1:      heliophobic_arrival_enchanted_forest, layout_loops_ring
D:2:      layout_basic
D:3:      kennysheep_big_flooded_room, layout_loops_ring, minmay_misc_feat_x,
          uniq_jessica, uniq_terence
D:4:      layout_cave_pods, nicolae_hepliaklqana_hazy_memory,
          nicolae_ashenzari_skybound, serial_column_ruins,
          column_ruins_open_small, column_ruins_corridor_straight,
          column_ruins_grid_3, column_ruins_open_tiny, column_ruins_open_small,
          serial_shops, shop, uniq_menkaure, uniq_edmund

Skill      XL: |  1  2  3  4  5 |
---------------+----------------+-----
Dodging        | 3 |  3.6
Long Blades    | 4 |  4.4
Fighting       | 4 |  4.2
Maces & Flails | 1 2 |  2.3
Shields        | 1 |  1.0
Throwing       | |  0.5
Stealth        | |  0.7

Action                     |  1- 3 |  4- 6 || total
---------------------------+-------+-------++-------
  Melee: Falchion          |    63 |       ||    63
         Tailslap          |     7 |    13 ||    20
         Long sword        |    41 |       ||    41
         Mace              |    16 |   102 ||   118
  Throw: Stone             |    12 |       ||    12
         Dart              |     3 |     5 ||     8
 Invoke: Trog's Hand       |       |     2 ||     2
         Berserk           |       |     1 ||     1
    Use: Scroll            |     2 |     1 ||     3
         Potion            |     2 |     1 ||     3
   Stab: Sleeping          |       |     1 ||     1
 Armour: Skin              |    65 |    91 ||   156
  Dodge: Dodged            |    64 |   103 ||   167
  Block: Buckler           |     9 |    21 ||    30
